AoeStats
← basileus

Arabian Desert

510214671Analyzed
1v1 RM · 2d ago on Sep 30, 2026· 37m 55s· 2 players
Game mode
Random Map
Map size
Tiny (2 player)
Population
200
Speed
Normal
Resources
Standard
Victory
Conquest
Starting age
Dark Age
Ending age
Imperial Age
RankedLock teamsTeams togetherTeam positionsShared explorationLock speedFull tech treeHidden civsTurbo modeCheats
Victory
Defeat
🇺🇸 Ethiopians · United States
1224
+14
🇺🇸 Varangians · United States
1183
-14
mEriEndo
6:29 Loom
9:15 Feudal Age
9:49 Town Watch
9:52 Double-Bit Axe
15:47 Padded Archer Armor
18:18 Fletching
24:21 Castle Age
22:34 Gold Mining
23:22 Forging
23:37 Horse Collar
24:21 Scale Barding Armor
26:26 Bow Saw
27:16 Iron Casting
29:21 Chain Barding Armor
29:46 Husbandry
33:35 Wheelbarrow
basileus
6:50 Loom
9:23 Feudal Age
11:37 Bloodlines
17:00 Fletching
18:43 Padded Archer Armor
19:36 Double-Bit Axe
24:50 Castle Age
23:04 Horse Collar
24:14 Forging
24:12 Scale Barding Armor
25:02 Town Watch
25:55 Wheelbarrow
25:59 Chain Barding Armor
25:22 Elite Skirmisher
27:19 Bodkin Arrow
29:27 Forging
29:39 Husbandry
29:00 Light Cavalry
34:03 Pikeman
36:07 Scale Mail Armor
Connection lost

Rejoining the realm…

Still unreachable

The connection could not be restored.

Session expired

The server has moved on; the page needs a fresh start.